 Dungeon Crawl Stone Soup version 0.31-a0-4-gefa6de2278 (webtiles) character file.

Game seed: 8137078414025386599

93 Pimp the Charlatan (level 4, -10/26 HPs)
             Began as a Kobold Artificer on May 3, 2023.
             Killed by divine providence
             ... invoked by an orc priest
              (17 damage)
             ... on level 3 of the Dungeon.
             The game lasted 00:05:50 (2765 turns).

Pimp the Charlatan (Kobold Artificer)               Turns: 2765, Time: 00:05:50

Health: -10/26     AC:  8    Str:  9    XL:     4   Next: 92%
Magic:  13/13      EV: 30    Int: 12    God:
Gold:   138        SH:  0    Dex: 17    Spells: 3/3 levels left

rFire   . . .        j - +0 short sword
rCold   + . .        (no shield)
rNeg    . . .        b - +0 leather armour
rPois   .            (no helmet)
rElec   .            (no cloak)
rCorr   .            g - +2 pair of gloves
SInv    .            h - +1 pair of boots
Will    .....        s - amulet of the acrobat
Stlth   +++          m - ring of protection from cold
HPRegen 0.24/turn    n - ring of magical power
MPRegen 0.13/turn

%: acrobat
@: acrobatic
A: small, no large weapons, nightstalker 3
a: no special abilities


You were on level 3 of the Dungeon.
You visited 1 branch of the dungeon, and saw 3 of its levels.

You collected 138 gold pieces.

Inventory:

Hand Weapons
 a - a +0 club
 j - a +0 short sword (weapon)
Armour
 b - a +0 leather armour (worn)
 g - a +2 pair of gloves (worn)
 h - a +1 pair of boots (worn)
Jewellery
 m - a ring of protection from cold (left hand)
 n - a ring of magical power (right hand)
 s - an amulet of the acrobat (around neck)
Wands
 d - a wand of charming (15)
 e - a wand of iceblast (5) (quivered)
Scrolls
 o - a scroll of immolation
 t - a scroll of teleportation
Potions
 f - a potion of magic {unknown}
 i - a potion of lignification {unknown}
 l - 3 potions of might {unknown}
 p - a potion of brilliance {unknown}
 q - a potion of curing {unknown}
 r - 2 potions of attraction {unknown}


   Skills:
 + Level 2.0 Fighting
 * Level 2.5 Short Blades
 + Level 1.3 Armour
 + Level 3.1 Dodging
 + Level 2.8 Stealth
 + Level 4.1 Evocations


You had 3 spell levels left.
You didn't know any spells.
Your spell library contained the following spells:

 Spells                   Type           Power      Damage    Failure   Level
 Blink                    Tloc           0%         N/A       56%         2
 Ensorcelled Hibernation  Hex/Ice        0%         N/A       56%         2
 Lesser Beckoning         Tloc           0%         N/A       56%         2
 Momentum Strike          Conj/Tloc      0%         3d8       56%         2
 Passwall                 Tmut/Erth      0%         N/A       56%         2
 Swiftness                Air            0%         N/A       80%         3


Dungeon Overview and Level Annotations

Branches:
Dungeon (3/15)

Altars:
Qazlal
Xom


Innate Abilities, Weirdness & Mutations

You are small and have problems with some larger weapons.
You are completely attuned to the shadows.


Message History

Aim: an orc, wielding a +0 flail and quivering boomerangs
Okay, then.
There is a stone staircase leading up here.
The orc throws a boomerang.
The boomerang completely misses you.
Aiming: Iceblast
Press: ? - help, Q - select action, (/) - cycle Shift-Dir - straight line
Okay, then.
You barely miss the orc.
The orc is lightly wounded.
The orc attacks as you move away! The orc hits you with a +0 war axe.
The orc priest mumbles some strange prayers to Beogh against you.
Beogh smites you!
The orc priest looks satisfied for a moment.
The orc barely misses you.
You hit the orc.
The orc is severely wounded.
The orc closely misses you.
You closely miss the orc.
The orc is severely wounded.
The orc throws a boomerang.
The boomerang closely misses you. The orc closely misses you.
The orc attacks as you move away! The orc hits you with a +0 war axe.
You hit the orc but do no damage.
The orc is severely wounded.
The orc closely misses you.
You hit the orc.
You kill the orc!
The orc throws a boomerang.
The boomerang closely misses you.
Your Fighting skill increases to level 2!
As you read the scroll labelled HEZIECE LATHECH, it crumbles to dust.
It is a scroll of identify.
k - a scroll of fog
As you read the scroll of fog, it crumbles to dust.
The scroll dissolves into smoke.
The orc priest hits you with a +0 flail.
* * * LOW HITPOINT WARNING * * *
The orc priest invokes the aid of Beogh against you.
Beogh smites you!
Ouch! That really hurt!
You die...

#..# #..# .####..######
.....<......#
......o...#.#
#####..##o# #..##o# ##^
###..##§# ###.# ≈.^
.....##@# ..§###≈.≈ ..^
....#§§§#
###≈≈#....##§.
#####§###
#.....≈..≈§≈§.
#.#####...§..._..§§.
#.##..)..≈≈.≈≈....§≈
####.##.##...##≈^..##..
..(..##.##..^#§#^..≈#^o
..........[.^^##..≈≈##§
###...####'..^.)......o


You could see an orc priest.

Vanquished Creatures
  4 adders
  2 dart slugs
  9 orcs
  A ball python (D:2)
  6 endoplasms
  A giant cockroach (D:1)
  2 goblins (D:2)
  2 hobgoblins (D:1)
  2 jackals (D:1)
  A quokka (D:2)
  5 bats
  3 frilled lizards
  A kobold (D:1)
  6 rats
45 creatures vanquished.

Notes
Turn   | Place    | Note
-------+----------+-------------------------------------------
     0 | D:1      | Pimp the Kobold Artificer began the quest for the Orb.
     0 | D:1      | Reached XP level 1. HP: 12/12 MP: 1/1
   141 | D:1      | Found a faded altar of an unknown god.
   295 | D:1      | Reached XP level 2. HP: 13/16 MP: 2/2
   296 | D:1      | Reached skill level 1 in Armour
   834 | D:1      | Reached skill level 1 in Short Blades
   834 | D:1      | Reached XP level 3. HP: 20/20 MP: 3/3
  1816 | D:2      | Reached skill level 4 in Evocations
  1816 | D:2      | Reached XP level 4. HP: 26/26 MP: 4/4
  2603 | D:3      | Found a shimmering altar of Xom.
  2612 | D:3      | Found a stormy altar of Qazlal.
  2765 | D:3      | Killed from afar by an orc priest

Illustrated notes

Levels and vault maps discovered:
D:1:      dpeg_arrival_tiny_a, layout_loops_corners,
          dreamdust_ecumenical_altar_angels_and_demons
D:2:      layout_basic, minmay_misc_feat_iff
D:3:      layout_loops_ring, mainiacjoe_overflow_divided_tiny,
          grunt_qazlal_sundering

Skill      XL: |  1  2  3  4 |
---------------+-------------+-----
Armour         | 1 |  1.3
Short Blades   | 1 2 |  2.5
Stealth        | 2 |  2.8
Evocations     | 4 |  4.1
Dodging        | 3 |  3.1
Fighting       | 2 |  2.0

Action                     |  1- 3 |  4- 6 || total
---------------------------+-------+-------++-------
  Melee: Club              |    31 |       ||    31
         Short sword       |    70 |   102 ||   172
  Evoke: Wand              |     7 |     8 ||    15
    Use: Scroll            |     3 |     4 ||     7
   Stab: Sleeping          |     9 |     2 ||    11
 Armour: Leather armour    |    45 |    25 ||    70
  Dodge: Dodged            |    79 |    81 ||   160

Table legend: (Time is in decaauts)
 A = Elapsed time spent in this place.
 B = Non-inter-level travel time spent in this place.
 C = Inter-level travel time spent in this place.
 D = Time resting spent in this place.
 E = Time spent auto-exploring this place.
 F = Levels seen in this place.
 G = Mean time per level.
                   A        B        C        D        E       F      G
               +--------+--------+--------+--------+--------+-----+--------+
         Total |   2757 |   2728 |     29 |    272 |   1937 |   3 |  919.0 |
       Dungeon |   2757 |   2728 |     29 |    272 |   1937 |   3 |  919.0 |
               +--------+--------+--------+--------+--------+-----+--------+

Top non-repeatable levels by time:
     D:1: 1329 daAuts
     D:2: 1113 daAuts
     D:3: 315 daAuts
